 Dungeon Crawl Stone Soup version 0.21.1-1-g345015f (webtiles) character file.

169 Monsterracer the Stinger (level 5, 0/31 HPs)
             Began as an Octopode Venom Mage on Feb 13, 2018.
             Killed from afar by an orc wizard (10 damage)
             ... with a puff of flame
             ... on level 3 of the Dungeon.
             The game lasted 00:05:03 (2944 turns).

Monsterracer the Stinger (Octopode Venom Mage)      Turns: 2944, Time: 00:05:04

Health: 0/31       AC:  1    Str:  8    XL:     5   Next: 50%
Magic:  2/9        EV: 16    Int: 18    God:
Gold:   78         SH:  0    Dex: 12    Spells: 3/9 levels left

rFire    . . .     SeeInvis .   e - +0 dagger
rCold    . . .     Gourm    .   (no shield)
rNeg     . . .     Faith    .   (helmet restricted)
rPois    .         Spirit   .   (no amulet)
rElec    .         Reflect  .   g - +3 ring of evasion
rCorr    .         Harm     .   (no ring)
MR       .....                  (no ring)
Stlth    +++.......             (no ring)
HPRegen  0.10/turn              (no ring)
MPRegen  0.11/turn              (no ring)
                                (no ring)
                                (no ring)

@: very slightly contaminated
A: almost no armour, stealthy swim, amphibious, 8 rings, constrict 8, camouflage
1, gelatinous body 1
a: no special abilities


You were on level 3 of the Dungeon.
You were not hungry.

You visited 1 branch of the dungeon, and saw 3 of its levels.

You collected 78 gold pieces.

Inventory:

Hand Weapons
 e - a +0 dagger (weapon)
Jewellery
 g - a +3 ring of evasion (left tentacle)
Scrolls
 b - 2 scrolls of teleportation {unknown}
 d - 3 scrolls of identify {unknown}
 f - a scroll of blinking {unknown}
 i - a scroll of remove curse {unknown}
Potions
 h - 2 potions of curing {unknown}
 k - a potion of magic {unknown}
Books
 a - a Young Poisoner's Handbook

   Spells                             Type                      Level
   a - Sting                          Conjuration/Poison           1
   b - Poisonous Vapours              Poison/Air                   2
   c - Mephitic Cloud                 Conjuration/Poison/Air       3
   d - Olgreb's Toxic Radiance        Poison                       4
   e - Venom Bolt                     Conjuration/Poison           5
Comestibles
 c - 5 rations
 j - 2 chunks of flesh


   Skills:
 - Level 2.0 Dodging
 - Level 2.6 Stealth
 + Level 2.8 Spellcasting
 * Level 3.3 Conjurations
 * Level 5.3 Poison Magic


You had 3 spell levels left.
You knew the following spells:

 Your Spells              Type           Power        Failure   Level  Hunger
a - Sting                 Conj/Pois      ###.         2%          1    None
b - Poisonous Vapours     Pois/Air       ##....       9%          2    ##.....
c - Mephitic Cloud        Conj/Pois/Air  ##......     16%         3    ###....


Dungeon Overview and Level Annotations

Branches:
Dungeon (3/15)

Altars:
Wu Jian

Annotations:
D:3 halftheisland's ghost, amateur HOFi


Innate Abilities, Weirdness & Mutations

You cannot wear most types of armour.
You are very stealthy in the water. (Stealth+)
You are amphibious.
You can wear up to eight rings at the same time.
You can use your tentacles to constrict eight enemies at once.
Your skin changes colour to match your surroundings (Stealth+).
Your rubbery body absorbs attacks. (AC +1, EV +1)


Message History

You hit the orc.
You kill the orc!
No target in view!
No target in view!
You see here a flail.
There is a stone staircase leading down here.
You climb downwards.
Level annotation: halftheisland's ghost, amateur HOFi A frilled lizard comes into view.
The frilled lizard hisses angrily.
The frilled lizard closely misses you.
Found a fuming inky potion.
There is a stone staircase leading up here.
A frilled lizard is nearby!
A frilled lizard is nearby!
Casting: Sting
Confirm with . or Enter, or press ? or * to list all spells.
Aiming: Sting
Press: ? - help, Shift-Dir - straight line, f - frilled lizard
Aim: a frilled lizard The sting hits the frilled lizard.
The frilled lizard is poisoned.
You kill the frilled lizard!
You now have 8/9 mp.
Casting: Sting
Confirm with . or Enter, or press ? or * to list all spells.
You can't see any susceptible monsters within range! (Use Z to cast anyway.) Unknown command.
Magic restored.
HP restored.
You see here a frilled lizard corpse.
k - a fuming inky potion Health restored: 31; MP restored: 9
Found 26 sling bullets.
An orc priest comes into view. It is wielding a hand axe.
Casting: Sting
Confirm with . or Enter, or press ? or * to list all spells.
Aiming: Poisonous Vapours
Press: ? - help, Dir - move target cursor, f - orc priest
Aim: an orc priest, wielding a hand axe (resting) Poisonous vapours surround the orc priest!
The orc priest shouts!
You hear a shout!
The orc priest is engulfed in poison gas.
The orc priest is poisoned.
You hear a shout!
You now have 7/9 mp.
Casting: Poisonous Vapours
Confirm with . or Enter, or press ? or * to list all spells.
Aiming: Poisonous Vapours
Press: ? - help, Dir - move target cursor, f/p - orc priest
Aim: an orc priest, wielding a hand axe (moderately wounded, poisoned) Poisonous vapours surround the orc priest!
You hear a shout!
You now have 5/9 mp.
Casting: Poisonous Vapours
Confirm with . or Enter, or press ? or * to list all spells.
Aiming: Poisonous Vapours
Press: ? - help, Dir - move target cursor, f/p - orc priest
Aim: an orc priest, wielding a hand axe (moderately wounded, poisoned)
You miscast Poisonous Vapours.
You are very lightly contaminated with residual magic.
Ouch! You feel a sudden electric shock.
You now have 3/9 mp.
Casting: Poisonous Vapours
Confirm with . or Enter, or press ? or * to list all spells.
Aiming: Poisonous Vapours
Press: ? - help, Dir - move target cursor, f/p - orc priest
Aim: an orc priest, wielding a hand axe (moderately wounded, poisoned) Poisonous vapours surround the orc priest!
The orc priest looks even sicker.
An orc wizard comes into view. It is wielding a dagger.
You now have 1/9 mp.
Casting: Poisonous Vapours
Confirm with . or Enter, or press ? or * to list all spells.
You don't have enough magic to cast that spell.
The orc priest hits you with a hand axe.
The orc wizard gestures wildly while chanting.
The orc wizard flickers and vanishes!
Deactivating autopickup; reactivate with Ctrl-A.
An orc wizard comes into view. It is wielding a dagger.
You take 6 damage, and have 25/31 hp.
Unknown command.
You hit the orc priest. You grab the orc priest.
The orc priest is almost dead.
You constrict the orc priest, but do no damage.
The orc priest closely misses you.
You hit the orc priest but do no damage.
The orc priest is almost dead.
You constrict the orc priest.
The orc priest hits you with a hand axe.
You take 3 damage, and have 22/31 hp.
You hit the orc priest.
You kill the orc priest!
The orc wizard gestures at you while chanting.
The puff of flame hits you!
* * * LOW HITPOINT WARNING * * *
You take 12 damage, and have 10/31 hp.
MASSIVE DAMAGE!!
You hear some strange, mumbled words.
A puff of flame appears from out of thin air!
The puff of flame hits you!
You die...

# ######
#.#<†..####
#.####....#
#.#######.#
#.......#.#
#....(....#
#.).@.#.###
#.o.....##.#
#.########.#
..# ###


You could see an orc wizard.

Vanquished Creatures
  3 orc priests
  An adder (D:2)
  An ooze (D:1)
  A worm (D:3)
  2 dart slugs
  3 leopard geckos
  2 orcs (D:2)
  3 giant cockroaches
  6 goblins
  9 hobgoblins
  7 kobolds
  A quokka (D:2)
  A ball python (D:1)
  8 bats
  A frilled lizard (D:3)
  5 rats
54 creatures vanquished.

Notes
Turn   | Place    | Note
-------+----------+-------------------------------------------
     0 | D:1      | Monsterracer the Octopode Venom Mage began the quest for the Orb.
     0 | D:1      | Reached XP level 1. HP: 11/11 MP: 3/3
    12 | D:1      | HP: 2/11 [leopard gecko (5)]
   369 | D:1      | HP: 5/11 [bat (1)]
   375 | D:1      | Reached XP level 2. HP: 5/17 MP: 0/5
   376 | D:1      | HP: 4/17 [bat (1)]
   388 | D:1      | Learned a level 2 spell: Poisonous Vapours
   704 | D:1      | Reached skill level 4 in Poison Magic
   922 | D:1      | Reached XP level 3. HP: 20/21 MP: 6/6
   928 | D:1      | Learned a level 3 spell: Mephitic Cloud
  1317 | D:1      | You fall through a shaft!
  1672 | D:2      | Found an ornate altar of the Wu Jian Council.
  1969 | D:2      | Reached XP level 4. HP: 27/27 MP: 4/7
  2272 | D:3      | HP: 13/27 [orc priest/divine providence (14)]
  2584 | D:3      | Reached skill level 5 in Poison Magic
  2647 | D:3      | Noticed halftheisland's ghost (amateur HOFi)
  2677 | D:2      | HP: 12/27 [orc priest/mace (3)]
  2679 | D:2      | Reached XP level 5. HP: 14/31 MP: 1/9
  2943 | D:3      | HP: 10/31 [orc wizard/puff of flame (12)]
  2944 | D:3      | Killed from afar by an orc wizard

Skill      XL: |  1  2  3  4 |
---------------+-------------+-----
Poison Magic   | 4 5 |  5.3
Conjurations   | 2 3 |  3.3
Dodging        | |  2.0
Stealth        | |  2.6
Spellcasting   | |  2.8

Action                   |  1- 3 |  4- 6 || total
-------------------------+-------+-------++-------
Melee: Unarmed           |    21 |       ||    21
       Constrict         |     6 |     6 ||    12
       Dagger            |    22 |    17 ||    39
       Tentacles         |     1 |     3 ||     4
 Cast: Sting             |    63 |    31 ||    94
       Poisonous Vapours |       |     7 ||     7
 Stab: Sleeping          |     1 |       ||     1
  Eat: Chunk             |     4 |     3 ||     7
Armor: Skin              |     8 |     1 ||     9
Dodge: Dodged            |    66 |    24 ||    90

Vault maps used:
D:1:      lemuel_arrival_behind_the_door_large
D:2:      lemuel_round_altar
D:3:      grunt_temple_overflow_open, first_ration
